AoeStats
← adan.technology

Four Lakes

509037899Analyzed
1v1 RM · 8d ago on Sep 25, 2026· 113m 58s· 2 players
Game mode
Random Map
Map size
Tiny (2 player)
Population
200
Speed
Normal
Resources
Standard
Victory
Conquest
Starting age
Dark Age
Ending age
Imperial Age
RankedLock teamsTeams togetherTeam positionsShared explorationLock speedFull tech treeHidden civsTurbo modeCheats
Victory
Defeat
🇲🇽 Vietnamese · Mexico
942
+16
🇲🇽 Spanish · Mexico
939
-16
fabulosoeme
0:27 Loom
12:07 Feudal Age
16:59 Castle Age
18:29 Wheelbarrow
24:58 Hand Cart
25:37 Stone Mining
26:39 Horse Collar
27:24 Gold Mining
28:28 Heavy Plow
33:20 Imperial Age
30:37 Town Watch
31:35 Stone Shaft Mining
30:51 Double-Bit Axe
31:34 Town Patrol
32:27 Pikeman
33:08 Squires
32:53 Arson
35:14 Chemistry
34:55 Elite Skirmisher
36:02 Halberdier
38:25 Bow Saw
39:56 Forging
39:38 Fletching
39:48 Padded Archer Armor
39:49 Scale Mail Armor
39:54 Scale Barding Armor
41:03 Two-Man Saw
42:37 Masonry
43:07 Iron Casting
42:28 Bodkin Arrow
42:48 Leather Archer Armor
42:49 Chain Mail Armor
42:47 Light Cavalry
43:38 Bloodlines
45:45 Blast Furnace
45:18 Architecture
44:30 Hussar
45:39 Bracer
45:59 Chain Barding Armor
48:38 Plate Mail Armor
48:38 Ring Archer Armor
83:14 Plate Barding Armor
adan.technology
0:26 Loom
12:16 Feudal Age
12:44 Horse Collar
12:49 Double-Bit Axe
12:57 Gold Mining
12:52 Fishing Lines
14:08 Wheelbarrow
13:55 Town Watch
17:56 Scale Mail Armor
18:07 Forging
17:57 Padded Archer Armor
17:47 Fletching
22:31 Castle Age
22:19 Bloodlines
22:41 Stone Mining
23:19 Gillnets
23:42 Bow Saw
23:34 Heavy Plow
24:07 Hand Cart
23:17 Elite Skirmisher
27:16 Crossbowman
28:01 Thumb Ring
27:55 Bodkin Arrow
28:15 Leather Archer Armor
28:07 Scale Barding Armor
31:00 Town Patrol
34:03 Husbandry
33:23 Light Cavalry
34:26 Chain Barding Armor
34:21 Chain Mail Armor
34:41 Iron Casting
39:51 Imperial Age
38:09 Arson
38:24 Squires
37:45 Pikeman
37:45 Man-at-Arms
38:39 Chatras
39:00 Treadmill Crane
39:44 Ballistics
40:17 Imperial Skirmisher
40:19 Arbalester
40:20 Elite Fire Lancer
40:28 Capped Ram
41:44 Halberdier
41:47 Elite Battle Elephant
43:01 Plate Mail Armor
43:07 Plate Barding Armor
42:32 Bracer
44:32 Two-Man Saw
44:04 Crop Rotation
44:10 Paper Money
43:11 Elite Rattan Archer
72:06 Chemistry
94:43 Ring Archer Armor
103:08 Man-at-Arms
103:45 Long Swordsman
104:43 Two-Handed Swordsman
105:32 Champion
110:52 Murder Holes
111:03 Siege Engineers
111:08 Masonry
Connection lost

Rejoining the realm…

Still unreachable

The connection could not be restored.

Session expired

The server has moved on; the page needs a fresh start.